 Dungeon Crawl Stone Soup version 0.29.1-15-g9cfb28693d (webtiles) character file.

Game seed: 3053127304893657372

45 raph the Sneak (level 3, 0/22 HPs)
             Began as a Kobold Brigand on Apr 24, 2023.
             Slain by Robin
             ... wielding a +0 mace
              (7 damage)
             ... on level 2 of the Dungeon.
             The game lasted 00:01:47 (1132 turns).

raph the Sneak (Kobold Brigand)                     Turns: 1132, Time: 00:01:48

Health: 0/22       AC:  4    Str:  8    XL:     3   Next: 90%
Magic:  3/3        EV: 15    Int: 12    God:
Gold:   33         SH:  0    Dex: 18    Spells: 2/2 levels left

rFire   . . .      SeeInvis .   a - +2 dagger
rCold   . . .      Faith    .   (no shield)
rNeg    . . .      Spirit   .   b - +0 robe
rPois   .          Reflect  .   (no helmet)
rElec   .          Harm     .   c - +1 cloak
rCorr   .          Rampage  .   (no gloves)
Will    .....                   (no boots)
Stlth   ++++......              (no amulet)
HPRegen 0.07/turn               (no ring)
MPRegen 0.08/turn               (no ring)

@: weak-willed, flying
A: small, no large weapons, nightstalker 3
a: no special abilities


You were on level 2 of the Dungeon.
You visited 1 branch of the dungeon, and saw 2 of its levels.

You collected 33 gold pieces.

Inventory:

Hand Weapons
 a - a +2 dagger (weapon)
Missiles
 d - 9 poisoned darts (quivered)
 e - 3 curare-tipped darts
Armour
 b - a +0 robe (worn)
 c - a +1 cloak (worn)


   Skills:
 + Level 2.5 Fighting
 * Level 3.5 Short Blades
 + Level 2.4 Throwing
 + Level 2.0 Dodging
 * Level 6.0 Stealth


You had 2 spell levels left.
You didn't know any spells.
Your spell library was empty.

Dungeon Overview and Level Annotations

Branches:
Dungeon (2/15)

Altars:

Annotations:
D:2 Robin


Innate Abilities, Weirdness & Mutations

You are small and have problems with some larger weapons.
You are completely attuned to the shadows.


Message History

Robin roars a battlecry!
You hit the hobgoblin.
The hobgoblin is heavily wounded.
The hobgoblin hits you.
You hit the hobgoblin.
You kill the hobgoblin!
The goblin no longer looks unusually strong.
Your Dodging skill increases to level 2!
You hit the goblin.
The goblin is moderately wounded.
You hit the goblin.
The goblin is severely wounded.
You barely miss the goblin.
The goblin is severely wounded.
A goblin comes into view. It is wielding a +0 dagger.
Robin roars a battlecry!
The goblin goes into a battle-frenzy!
The goblin closely misses you.
You hit the goblin.
You kill the goblin!
Robin hits you with a +0 mace.
Your Stealth skill increases to level 6!
You are too injured to fight recklessly!
You are too injured to fight recklessly!
You are too injured to fight recklessly!
You are too injured to fight recklessly!
You are too injured to fight recklessly!
You are too injured to fight recklessly!
You are too injured to fight recklessly!
You hit Robin.
Robin is lightly wounded.
You barely miss the goblin. Robin hits you but does no damage.
The goblin hits you with a +0 dagger.
You hit the goblin.
You kill the goblin!
An endoplasm comes into view.
Robin barely misses you.
The endoplasm hits you but does no damage.
Robin hits you with a +0 mace!
You die...

##.##...####.# #.....###
#.## ###
....####♣♣♣♣♣#..########..
P### ##♣PP.♣##.#.......<#
#.......#...########
.######.♣♣.♣♣...### ###
........♣♣♣♣♣##.# #..
.......##g.# #.# ##..
....!...#@## #.# #...
...$....J.# #.# #.#.
.........## #.## ..#>
.!......## #..# #.
...<....# ##.# ♣.##.
.......## #.# ♣.##.
g..=...# #.##♣.♣.##.
........ #..#♣.♣.#..
##.#♣.♣...#


You could see Robin (weak-willed) and an endoplasm.

Vanquished Creatures
  A dart slug (D:1)
  3 bats
  An endoplasm (D:1)
  2 giant cockroaches (D:1)
  12 goblins
  6 hobgoblins
  3 jackals (D:1)
  A quokka (D:1)
  A ball python (D:2)
  A frilled lizard (D:1)
  2 kobolds (D:1)
  2 rats (D:1)
35 creatures vanquished.

Vanquished Creatures (others)
  2 plants (D:2)
2 creatures vanquished.

Grand Total: 37 creatures vanquished

Notes
Turn   | Place    | Note
-------+----------+-------------------------------------------
     0 | D:1      | raph the Kobold Brigand began the quest for the Orb.
     0 | D:1      | Reached XP level 1. HP: 12/12 MP: 1/1
   429 | D:1      | Reached XP level 2. HP: 17/17 MP: 2/2
   850 | D:1      | Reached XP level 3. HP: 22/22 MP: 3/3
   850 | D:1      | Found a faded altar of an unknown god.
  1087 | D:2      | Noticed Robin
  1129 | D:2      | Reached skill level 6 in Stealth
  1132 | D:2      | Slain by Robin

Illustrated notes

Levels and vault maps discovered:
D:1:      dpeg_arrival_rooms_a, layout_basic,
          chequers_ecumenical_altar_simple_redux
D:2:      layout_rooms, serial_forest, infiniplex_forest_lined_1,
          infiniplex_forest_straight_2, infiniplex_forest_clump_tiny,
          infiniplex_forest_clump_small, infiniplex_forest_straight_4,
          infiniplex_forest_lined_2, amcnicky_mini_corridor_feature, uniq_robin

Skill      XL: |  1  2  3 |
---------------+----------+-----
Short Blades   | 3 |  3.5
Dodging        | 2 |  2.0
Stealth        | 6 |  6.0
Fighting       | |  2.5
Throwing       | |  2.4

Action                   || total
-------------------------++-------
Melee: Dagger            ||    84
  Use: Scroll            ||     5
       Potion            ||     3
 Stab: Sleeping          ||    10
Armor: Robe              ||    17
Dodge: Dodged            ||    50
